cohdb
Replays
Latest Replays
All Replays
Popular Replays
Top Player Replays
Match Explorer
How It Works
Community
CoH3 Stats
Reddit
Sign in to upload your games and track your stats! →
Sign in with Steam
Match 26329779
Unlisted
Match 26329779
Overview
Messages
Build Orders
End
Vickers Machine Gun Team
Construct Section Command Post
Selects Air and Sea Battlegroup
Infantry Section
Infantry Section
Vickers Machine Gun Team
Grenade Package
Construct Platoon Command Post
Unlock M3 Stuart Light Tanks
Selects Commando Section Paradrop
CMP 15cwt Truck
M3 Stuart Light Tank
Selects M1 Pack Howitzer Paradrop
M1 Pack Howitzer Paradrop
M1 Pack Howitzer Paradrop
Construct Company Command Post
Selects Supply Surplus
6-pounder Anti-tank Gun Team
Matilda II Heavy Tank
Selects Incendiary Bombing Run
Incendiary Bombing Run
CMP 15cwt Truck
Incendiary Bombing Run
Matilda II Heavy Tank
Selects Centaur Medium Tank
Selects Naval Bombardment
Naval Bombardment
Royal Engineer Section
CMP 15cwt Truck
Incendiary Bombing Run
gb_gbg
SneaKerz
MarkEsVonHinten
Uwe Berger
0
0
Comments
sign in to comment!
No comments posted yet!